 Dungeon Crawl Stone Soup version 0.29-a0-664-gff9cad4a3d (webtiles) character file.

Game seed: 18418196187611492054

457 gobodom the Purveyor of Pain (level 6, -3/44 HPs)
             Began as a Demonspawn Necromancer on June 23, 2022.
             Was an Initiate of Kikubaaqudgha.
             Slain by a gnoll sergeant
             ... wielding a +0 spear
              (5 damage)
             ... on level 5 of the Dungeon.
             The game lasted 00:20:38 (5502 turns).

gobodom the Purveyor of Pain (DsNe)                 Turns: 5502, Time: 00:20:40

Health: -3/44      AC:  2    Str: 10    XL:     6   Next: 77%
Magic:  0/12       EV: 12    Int: 16    God:    Kikubaaqudgha [......]
Gold:   235        SH:  0    Dex: 14    Spells: 9/13 levels left

rFire   . . .      SeeInvis .   f - +1 dagger (freeze)
rCold   . . .      Faith    .   (no shield)
rNeg    . . .      Spirit   +   a - +0 robe
rPois   .          Reflect  .   (helmet restricted)
rElec   .          Harm     .   (no cloak)
rCorr   .          Rampage  .   (no gloves)
Will    .....                   (no boots)
Stlth   ++........              (no amulet)
HPRegen 0.14/turn               (no ring)
MPRegen 0.26/turn               (no ring)

@: no status effects
A: horns 1, magic shield, magic regeneration
a: Renounce Religion


You were on level 5 of the Dungeon.
You worshipped Kikubaaqudgha.
Kikubaaqudgha was noncommittal.
You visited 1 branch of the dungeon, and saw 5 of its levels.

You collected 235 gold pieces.

Inventory:

Hand Weapons
 f - a +1 dagger of freezing (weapon)
 m - a +1 dagger of venom
Missiles
 u - 2 poisoned darts
 w - a throwing net
Armour
 a - a +0 robe (worn)
Magical Staves
 i - a staff of earth
 n - a staff of fire
Jewellery
 c - a ring of fire
 p - an amulet of faith
Wands
 q - a wand of acid (7)
Scrolls
 e - 2 scrolls of noise
 g - a scroll of amnesia
Potions
 b - a potion of magic
 d - a potion of might {unknown}
 h - a potion of attraction
 k - a potion of curing {unknown}
 o - 2 potions of brilliance {unknown}
 r - a potion of heal wounds {unknown}
 t - a potion of degeneration
 v - a potion of resistance {unknown}


   Skills:
 + Level 2.1 Fighting
 + Level 1.7 Short Blades
 + Level 2.2 Dodging
 + Level 2.6 Stealth
 + Level 4.2 Spellcasting
 + Level 6.0 Necromancy
 + Level 0.1 Evocations


You had 9 spell levels left.
You knew the following spells:

 Your Spells              Type           Power      Damage    Failure   Level
a - Necrotize             Necr           88%        1d8       1%          1
b - Vampiric Draining     Necr           22%        2d7       4%          3

Your spell library contained the following spells:

 Spells                   Type           Power      Damage    Failure   Level
 Animate Dead             Necr           22%        N/A       14%         4
 Agony                    Necr           22%        N/A       36%         5


Dungeon Overview and Level Annotations

Branches:
Dungeon (5/15)
 Temple: D:4-7

Altars:
Kikubaaqudgha


Innate Abilities, Weirdness & Mutations

You have a pair of small horns on your head.
When hurt, damage is shared between your health and your magic reserves.
You regenerate magic rapidly.


Message History

An ogre and a gnoll sergeant come into view.
The ogre shouts!
The gnoll sergeant shouts!
The gnoll shouts!
You hear a shout!
The gnoll writhes in agony.
A gnoll comes into view. It is wielding a +0 whip.
The gnoll writhes in agony.
The gnoll closely misses you.
The gnoll barely resists.
The gnoll barely misses you.
The gnoll writhes in agony.
You kill the gnoll!
Kikubaaqudgha accepts your kill.
The dead are walking!
Really fire in your gnoll skeleton's direction?
Okay, then.
Your gnoll skeleton closely misses the gnoll sergeant.
The gnoll sergeant hits your gnoll skeleton with a +0 spear!
The ogre hits your gnoll skeleton with a +0 giant club!
Your gnoll skeleton is destroyed!
The ogre barely resists.
A gnoll comes into view. It is wielding a +0 club.
The ogre writhes in agony.
The gnoll shouts!
The gnoll sergeant hits you from afar with a +0 spear!
The ogre writhes in agony.
The gnoll sergeant hits you from afar with a +0 spear.
The ogre closely misses you.
The ogre writhes in agony!
The gnoll sergeant hits you from afar with a +0 spear.
The ogre barely resists.
The ogre hits you with a +0 giant club!!
Ouch! That really hurt!
* * * LOW HITPOINT WARNING * * *
The gnoll sergeant hits you from afar with a +0 spear.
* * * LOW HITPOINT WARNING * * *
Aiming: Corrosive Bolt
Press: ? - help, Q - select action, (/) - cycle Shift-Dir - straight line, f/p - ogre
Aim: an ogre, wielding a +0 giant club (heavily wounded, 86% to hit)
The bolt of acid hits the ogre!
The ogre is almost dead.
The gnoll sergeant hits you from afar with a +0 spear.
You die...
Kikubaaqudgha rasps: "You have failed me!
Welcome... death!"

# .## #.. #.# ..
#.# #.## #.
#.######..#
#####.##.##...†..#
##
............######
...#######..†####
#......#..##
#......#..#####
#....@Og.........
#......gg.)......
#......##.......#
#......##.#.....#
#######...#...(.#
.###.....# ##
.....#


You could see an ogre, a gnoll sergeant and 2 gnolls.

Vanquished Creatures
  A black bear (D:4)
  2 scorpions
  An orc wizard (D:4)
  7 gnolls
  7 adders
  The ghost of gdog the Covert, a weakling GnDe (D:4)
  2 dart slugs (D:1)
  4 orcs
  4 ball pythons
  4 endoplasms
  3 giant cockroaches
  6 goblins
  6 hobgoblins
  5 jackals
  A quokka (D:2)
  2 bats
  5 frilled lizards
  7 kobolds
  3 rats
71 creatures vanquished.

Vanquished Creatures (collateral kills)
  An adder (D:2)
  An ufetubus (D:4)
  An orc (D:3)
  A kobold (D:3)
  A bat (D:3)
  A frilled lizard (D:2)
6 creatures vanquished.

Grand Total: 77 creatures vanquished

Notes
Turn   | Place    | Note
-------+----------+-------------------------------------------
     0 | D:1      | gobodom the Demonspawn Necromancer began the quest for the
                  | Orb.
     0 | D:1      | Reached XP level 1. HP: 13/13 MP: 3/3
   510 | D:1      | Gained mutation: You regenerate magic rapidly. [demonic
                  | ancestry]
   510 | D:1      | Reached XP level 2. HP: 19/19 MP: 3/5
   947 | D:1      | Reached skill level 5 in Necromancy
  1249 | D:2      | Gained mutation: When hurt, damage is shared between your
                  | health and your magic reserves. [demonic ancestry]
  1249 | D:2      | Reached XP level 3. HP: 8/24 MP: 1/6
  1637 | D:2      | Found a faded altar of an unknown god.
  1648 | D:2      | Reached skill level 1 in Fighting
  1742 | D:2      | Learned a level 3 spell: Vampiric Draining
  1879 | D:2      | Gained mutation: You have a pair of small horns on your
                  | head. [demonic ancestry]
  1879 | D:2      | Reached XP level 4. HP: 16/32 MP: 2/7
  3410 | D:4      | Reached XP level 5. HP: 30/38 MP: 1/9
  3639 | D:4      | Reached skill level 1 in Short Blades
  4085 | D:4      | Found a runed translucent door.
  4092 | D:4      | Noticed gdog's ghost (weakling GnDe)
  4271 | D:4      | Found an ancient bone altar of Kikubaaqudgha.
  4309 | D:4      | Noticed a black bear
  4328 | D:4      | Killed a black bear
  4329 | D:4      | Reached XP level 6. HP: 20/44 MP: 2/11
  4555 | D:4      | Became a worshipper of Kikubaaqudgha
  4959 | D:4      | Killed gdog's ghost
  5220 | D:5      | Entered Level 5 of the Dungeon
  5220 | D:5      | Noticed an ice beast
  5361 | D:5      | Reached skill level 6 in Necromancy
  5500 | D:5      | HP: 2/44 [gnoll sergeant/+0 spear (4)]
  5502 | D:5      | Slain by a gnoll sergeant

Illustrated notes

Levels and vault maps discovered:
D:1:      dpeg_arrival_ternary, layout_loops_cross
D:2:      layout_basic, chequers_ecumenical_altar_island,
          minmay_misc_feat_doors, minmay_bisected
D:3:      layout_rooms
D:4:      layout_gridville, mainiacjoe_overflow_catwalk,
          ebering_ghost_reflecting_pool
D:5:      layout_rooms, lemuel_doored_altar, tso_altar,
          mainiacjoe_overflow_small_starburst,
          nemelex_xobeh_ov_fountains_minmay, minmay_temple_entry_large_hall,
          hangedman_abyss_or_decor_stabs

Skill      XL: |  1  2  3  4  5  6 |
---------------+-------------------+-----
Necromancy     | 5 6 |  6.0
Stealth        | 2 |  2.6
Fighting       | 1 2 |  2.1
Short Blades   | 1 |  1.7
Spellcasting   | 3 4 |  4.2
Dodging        | 2 |  2.2
Evocations     | |  0.1

Action                   |  1- 3 |  4- 6 || total
-------------------------+-------+-------++-------
Melee: Unarmed           |    28 |       ||    28
       Punch             |     1 |     2 ||     3
       Short sword       |    32 |    51 ||    83
       Headbutt          |       |    18 ||    18
       Dagger            |       |    36 ||    36
 Cast: Necrotize         |    33 |    64 ||    97
       Vampiric Draining |     1 |     3 ||     4
Evoke: Wand              |       |     2 ||     2
  Use: Scroll            |     2 |    11 ||    13
       Potion            |       |     1 ||     1
 Stab: Sleeping          |     3 |     3 ||     6
Armor: Robe              |    14 |    12 ||    26
       Skin              |       |     2 ||     2
Dodge: Dodged            |    59 |    76 ||   135

Table legend: (Time is in decaauts)
 A = Elapsed time spent in this place.
 B = Non-inter-level travel time spent in this place.
 C = Inter-level travel time spent in this place.
 D = Time resting spent in this place.
 E = Time spent auto-exploring this place.
 F = Levels seen in this place.
 G = Mean time per level.
                   A        B        C        D        E       F      G
               +--------+--------+--------+--------+--------+-----+--------+
         Total |   5515 |   5515 |      0 |    217 |   4185 |   5 | 1103.0 |
       Dungeon |   5515 |   5515 |      0 |    217 |   4185 |   5 | 1103.0 |
               +--------+--------+--------+--------+--------+-----+--------+

Top non-repeatable levels by time:
     D:4: 1931 daAuts
     D:2: 1626 daAuts
     D:1: 1041 daAuts
     D:3: 739 daAuts
     D:5: 177 daAuts
